 Dungeon Crawl Stone Soup version 0.31-a0-880-g9a209b2425 (webtiles) character file.

Game seed: 7541600680471288073

135 BinkBink the Trooper (level 5, -4/33 HPs)
             Began as a Gargoyle Monk on Oct 15, 2023.
             Slain by a gnoll
             ... wielding a +0 halberd of flaming
              (5 damage)
             ... on level 3 of the Dungeon.
             The game lasted 00:02:04 (1533 turns).

BinkBink the Trooper (Gargoyle Monk)                Turns: 1533, Time: 00:02:04

Health: -4/33      AC:  9    Str: 16    XL:     5   Next: 18%
Magic:  5/5        EV: 11    Int: 11    God:
Gold:   85         SH:  4    Dex: 12    Spells: 4/4 levels left

rFire   . . .        a - +0 hand axe
rCold   . . .        o - +0 buckler
rNeg    + . .        f - +0 ring mail
rPois   ∞            (no helmet)
rElec   +            (no cloak)
rCorr   .            (no gloves)
SInv    .            (no boots)
Will    .....        (no amulet)
Stlth   +            (no ring)
HPRegen 0.25/turn    (no ring)
MPRegen 0.09/turn

%: no passive effects
@: no status effects
A: sickness immunity, AC +4, negative energy resistance 1, electricity
resistance, torment resistance 1, petrification resistance
a: no special abilities


You were on level 3 of the Dungeon.
You visited 1 branch of the dungeon, and saw 3 of its levels.

You collected 85 gold pieces.

Inventory:

Hand Weapons
 a - a +0 hand axe (weapon)
Armour
 b - a +0 robe
 d - an orb of light
 f - a +0 ring mail (worn)
 o - a +0 buckler (worn)
Jewellery
 p - a ring of magical power
Scrolls
 e - a scroll of noise {unknown}
 g - a scroll of poison {unknown}
 h - a scroll of enchant armour {unknown}
 i - a scroll of amnesia {unknown}
 k - a scroll of teleportation {unknown}
 m - a scroll of butterflies {unknown}
 n - a scroll of fog {unknown}
Potions
 c - 2 potions of ambrosia
 j - 2 potions of invisibility {unknown}
 l - a potion of curing {unknown}
 q - 2 potions of resistance {unknown}


   Skills:
 + Level 4.0 Fighting
 * Level 3.9 Axes
 + Level 2.0 Armour
 + Level 3.0 Dodging
 + Level 0.2 Shields


You had 4 spell levels left.
You didn't know any spells.
Your spell library was empty.

Dungeon Overview and Level Annotations

Branches:
Dungeon (3/15)

Altars:
Gozag
Nemelex Xobeh


Innate Abilities, Weirdness & Mutations

You are immune to sickness and miasma.
Your stone body is resilient. (AC +4)
You are immune to poison.
You resist negative energy. (rN+)
You are resistant to electric shocks. (rElec)
You are resistant to unholy torment.
You are immune to petrification.


Message History

You slash the adder!
You kill the adder!
The bat hits you but does no damage. The bat closely misses you.
A gnoll comes into view. It is wielding a +0 halberd.
You hit the bat.
The bat is moderately wounded.
The bat closely misses you. The bat hits you but does no damage.
You block the gnoll's attack.
You hit the bat but do no damage.
The bat is moderately wounded.
The bat barely misses you. The gnoll misses you.
The ball python closely misses you. The ball python barely misses you.
You hit the ball python.
You kill the ball python!
The bat hits you but does no damage. The bat closely misses you.
The gnoll hits you from afar with a +0 halberd of flaming.
The gnoll burns you.
You closely miss the bat.
The bat is moderately wounded.
The bat misses you. The gnoll barely misses you. The bat hits you.
You hit the bat.
You kill the bat!
Your Armour skill increases to level 2!
You block the gnoll's attack. The gnoll closely misses you.
You slash the gnoll!
The gnoll is heavily wounded.
The gnoll hits you from afar with a +0 halberd of flaming.
The gnoll burns you. The gnoll closely misses you.
A rat comes into view.
You hit the gnoll.
The gnoll is almost dead.
The gnoll hits you from afar with a +0 halberd of flaming!
The gnoll burns you. The gnoll hits you with a +0 flail.
You completely miss the gnoll.
The gnoll is almost dead.
The gnoll hits you from afar with a +0 halberd of flaming!
* * * LOW HITPOINT WARNING * * *
The gnoll burns you.
You die...

#### # #... .. #...
##### ...#... ##...##
....... ##.....##
.......###.......#
......ggg@.......######
.......###............#
<..r... ##...........#
....?.. #............#
.........#.......######
.......#.#.......#
.......#........##
#.#######..#...##
#####..#.####


You could see 3 gnolls and a rat.

Vanquished Creatures
  4 gnolls (D:2)
  5 adders
  A worm (D:2)
  4 ball pythons
  3 bats
  5 endoplasms (D:2)
  3 giant cockroaches
  6 goblins
  A hobgoblin (D:2)
  4 jackals (D:1)
  3 kobolds
  3 quokkas
  5 frilled lizards
  2 rats
49 creatures vanquished.

Notes
Turn   | Place    | Note
-------+----------+-------------------------------------------
     0 | D:1      | BinkBink the Gargoyle Monk began the quest for the Orb.
     0 | D:1      | Reached XP level 1. HP: 14/14 MP: 1/1
   197 | D:1      | Reached XP level 2. HP: 19/19 MP: 2/2
   877 | D:2      | Reached skill level 1 in Armour
   912 | D:2      | Reached XP level 3. HP: 22/23 MP: 3/3
   957 | D:2      | Reached XP level 4. HP: 23/29 MP: 4/4
  1431 | D:3      | Found a sparkling altar of Nemelex Xobeh.
  1448 | D:3      | Reached skill level 4 in Fighting
  1461 | D:3      | Found an opulent altar of Gozag.
  1467 | D:3      | Reached XP level 5. HP: 31/33 MP: 5/5
  1533 | D:3      | HP: 1/33 [gnoll/+0 halberd of flaming (9)]
  1533 | D:3      | Slain by a gnoll

Illustrated notes

Levels and vault maps discovered:
D:1:      lightli_arrival_isolated_outpost, layout_basic
D:2:      layout_basic
D:3:      layout_rooms, slow_altar_2, nicolae_gozag_seed_capital,
          lemuel_crystal_altar

Skill      XL: |  1  2  3  4  5 |
---------------+----------------+-----
Axes           | 3 |  3.9
Armour         | 1 2 |  2.0
Fighting       | 4 |  4.0
Dodging        | 3 |  3.0
Shields        | |  0.2

Action                     |  1- 3 |  4- 6 || total
---------------------------+-------+-------++-------
  Melee: Hand axe          |    79 |    74 ||   153
 Armour: Robe              |     3 |       ||     3
         Ring mail         |    44 |    61 ||   105
  Dodge: Dodged            |    54 |    53 ||   107
  Block: Buckler           |       |     8 ||     8

Table legend: (Time is in decaauts)
 A = Elapsed time spent in this place.
 B = Non-inter-level travel time spent in this place.
 C = Inter-level travel time spent in this place.
 D = Time resting spent in this place.
 E = Time spent auto-exploring this place.
 F = Levels seen in this place.
 G = Mean time per level.
                   A        B        C        D        E       F      G
               +--------+--------+--------+--------+--------+-----+--------+
         Total |   1563 |   1524 |     39 |      0 |   1181 |   3 |  521.0 |
       Dungeon |   1563 |   1524 |     39 |      0 |   1181 |   3 |  521.0 |
               +--------+--------+--------+--------+--------+-----+--------+

Top non-repeatable levels by time:
     D:1: 874 daAuts
     D:2: 564 daAuts
     D:3: 124 daAuts
